Penguins vs Panthers
(R1)
Created - October 30, 2023 at 19:19
Goals
|
Penguins |
0 |
0 |
3 |
3 |
Panthers |
0 |
1 |
1 |
2 |
|
Shots
|
Penguins |
9 |
7 |
15 |
31 |
Panthers |
6 |
11 |
10 |
27 |
|
1st period
No Goal
Penalties :
Alex Iafallo (Flo) for Hooking (Minor) at 1:53, Shea Weber (Flo) for Hooking (Minor) at 13:24, Alex Iafallo (Flo) for Hooking (Minor) at 18:14
2nd period
1. Panthers , Kasperi Kapanen 2 (Miro Aaltonen 3) at 3:13 (PP)
Penalties :
Kasperi Kapanen (Flo) for Hooking (Minor) at 0:48, Danny DeKeiser (Pit) for Roughing (Minor) at 3:11, Marcus Foligno (Pit) for Interference (Minor) at 4:54, Keith Aulie (Pit) for Roughing (Double Minor) at 11:18
3rd period
2. Penguins , Sebastian Aho 1 (Mark Scheifele 7, Jake Guentzel 3) at 6:00
3. Panthers , Miro Aaltonen 8 (Alex Goligoski 2, Kirill Kaprizov 2) at 15:08
4. Penguins , Brandon Tanev 1 (Max Reinhart 2, Tom Wilson 1) at 16:11
5. Penguins , Derek Stepan 4 (Tyson Barrie 3, Dmitrij Jaskin 1) at 19:47
Penalties :
Miro Aaltonen (Flo) for Delaying the game (Minor) at 7:47, Alex Iafallo (Flo) for Hooking (Minor) at 19:50
Goalie Stats
Braden Holtby (Pit), 25 saves from 27 shots - (0.926), W, 1-0-0, 60:00 minutes
Brian Elliott (Flo), 28 saves from 31 shots - (0.903), L, 0-5-1, 60:00 minutes
Players Stats for Penguins
Player Name G A P +/- PIM S H SB GA TA FO MP PP MP PK MP
------------------------------------------------------------------------------------
Brandon Tanev 1 0 1 1 0 1 2 0 0 2 0/1 10:44 0:03 1:28
Danny DeKeiser 0 0 0 0 2 0 0 2 0 1 0/0 21:03 0:31 3:25
Derek Stepan 1 0 1 1 0 1 1 0 0 0 3/7 16:21 4:16 0:30
Dmitrij Jaskin 0 1 1 0 0 2 0 0 0 0 1/2 7:50 0:03 0:00
Jake Guentzel 0 1 1 1 0 2 2 1 0 0 0/2 21:27 5:45 1:21
Jonathan Marchessault 0 0 0 -1 0 2 1 0 0 0 5/8 7:23 0:00 0:00
Keith Aulie 0 0 0 0 4 2 4 0 0 0 0/0 22:21 3:49 0:43
Marcus Foligno 0 0 0 0 2 1 6 0 0 0 1/1 18:44 4:16 1:43
Marcus Johansson 0 0 0 0 0 1 1 0 2 0 0/0 15:39 4:16 0:04
Mark Scheifele 0 1 1 1 0 3 1 0 1 0 1/3 21:34 5:45 1:28
Max Reinhart 0 1 1 1 0 1 1 3 0 0 4/12 13:41 0:00 3:12
Neal Pionk 0 0 0 0 0 2 1 0 0 0 0/0 17:28 0:00 2:37
Nick Leddy 0 0 0 2 0 2 0 0 0 0 0/0 17:47 6:15 1:54
Oscar Klefbom 0 0 0 0 0 5 2 0 0 0 0/0 27:43 5:44 3:21
Pavel Zacha 0 0 0 0 0 2 0 0 0 0 0/0 8:05 0:04 0:00
Sebastian Aho 1 0 1 1 0 2 5 0 0 0 13/27 19:51 5:44 0:00
Tom Wilson 0 1 1 1 0 0 1 2 1 0 1/1 12:40 0:00 2:14
Tyson Barrie 0 1 1 2 0 2 1 1 0 0 0/0 13:36 3:49 0:00
Players Stats for Panthers
Player Name G A P +/- PIM S H SB GA TA FO MP PP MP PK MP
------------------------------------------------------------------------------------
Alex Goligoski 0 1 1 0 0 1 1 0 0 0 0/0 20:41 2:16 4:30
Alex Iafallo 0 0 0 1 6 2 2 1 0 0 0/0 20:23 2:58 2:19
Alexander Semin 0 0 0 -1 0 2 1 1 0 0 1/1 13:09 0:29 2:05
Blake Geoffrion 0 0 0 0 0 0 0 0 0 0 0/0 7:19 0:00 0:00
Elias Lindholm 0 0 0 -2 0 0 3 0 0 0 5/7 15:55 2:25 1:45
Griffin Reinhart 0 0 0 0 0 1 1 0 0 0 0/0 19:46 3:36 0:56
Jerry D'Amigo 0 0 0 -1 0 2 0 0 1 1 0/0 8:06 0:34 0:00
Kasperi Kapanen 1 0 1 1 2 1 0 0 0 0 0/1 17:52 3:01 0:00
Kirill Kaprizov 0 1 1 -2 0 2 1 0 0 1 1/2 13:15 2:23 0:00
Kris Versteeg 0 0 0 -1 0 4 4 0 0 0 0/0 19:46 2:25 5:38
Miro Aaltonen 1 1 2 1 2 5 2 0 0 1 17/32 21:10 3:01 2:55
Nikita Tryamkin 0 0 0 -1 0 1 0 1 0 0 0/0 12:17 2:16 0:00
Niklas Hansson 0 0 0 -1 0 0 1 0 0 1 0/0 24:26 0:04 5:46
Patrick Brown 0 0 0 0 0 2 0 0 0 0 0/2 7:42 0:00 0:01
Petr Straka 0 0 0 -1 0 0 1 0 0 0 0/0 9:26 0:00 0:00
Quinton Howden 0 0 0 -1 0 1 0 1 0 0 11/19 15:47 0:44 5:25
Shea Weber 0 0 0 -1 2 1 4 1 0 0 0/0 14:20 0:08 3:22
Will Butcher 0 0 0 -1 0 2 1 7 2 0 0/0 28:30 3:40 5:34
3 Stars
1 - Sebastian Aho (Pit)
2 - Brandon Tanev (Pit)
3 - Miro Aaltonen (Flo)
Power Play
Penguins - 0 on 6 Attempt(s) - 0.00%
Panthers - 1 on 4 Attempt(s) - 25.00%
Penalty Kill
Penguins - 3 on 4 Attempt(s) - 75.00%
- Score 0 goal in Penalty Kill
Panthers - 6 on 6 Attempt(s) - 100.00%
- Score 0 goal in Penalty Kill
Team Stat
Penguins - Hits : 29 - Faceoff Wins : 29 - Blocked Shots : 9 - Penalty Minutes : 8
Panthers - Hits : 22 - Faceoff Wins : 35 - Blocked Shots : 12 - Penalty Minutes : 12
Official
Referees : Kelly Sutherland and Peter MacDougall
Linesman : David Brisebois and Jesse Marquis
Game Notes
0:44 of 3rd period - Penguins goal is going for a video replay. After video review, No Goal. The puck has been directed, batted or thrown into the net by an attacking player other than with a stick.
Finance
Level 1 -- Attendance: 6000 (100.00%) -- Ticket Income $600,000
Level 2 -- Attendance: 5000 (100.00%) -- Ticket Income $300,000
Level 3 -- Attendance: 1830 (91.50%) -- Ticket Income $64,050
Level 4 -- Attendance: 4000 (100.00%) -- Ticket Income $100,000
Luxury Box -- Attendance: 1000 (100.00%) -- Ticket Income $200,000
Game was played at the BBT Center.
Total Attendance: 17830 (99.06%)
Total Ticket Income: $1,264,050
Other Income: $189,608
Total Income: $1,453,658
Penguins
5 vs 5 Forward
Center Left Wing Right Wing Time % Phy DF OF
1 Sebastian Aho Jake Guentzel Mark Scheifele 40 1 2 2
2 Derek Stepan Marcus Johansson Marcus Foligno 30 1 2 2
3 Max Reinhart Brandon Tanev Tom Wilson 20 1 2 2
4 Jonathan Marchessault Pavel Zacha Dmitrij Jaskin 10 1 2 2
5 vs 5 Defense
Defense Defense Time % Phy DF OF
1 Oscar Klefbom Keith Aulie 40 1 2 2
2 Neal Pionk Danny DeKeiser 30 1 2 2
3 Nick Leddy Tyson Barrie 20 1 2 2
4 Oscar Klefbom Keith Aulie 10 1 2 2
PowerPlay Forward
Center Left Wing Right Wing Time % Phy DF OF
1 Sebastian Aho Jake Guentzel Mark Scheifele 60 1 2 2
2 Derek Stepan Marcus Johansson Marcus Foligno 40 1 2 2
PowerPlay Defense
Defense Defense Time % Phy DF OF
1 Oscar Klefbom Nick Leddy 60 1 2 2
2 Keith Aulie Tyson Barrie 40 1 2 2
Penalty Kill 4 Players Forward
Center Wing Time % Phy DF OF
1 Max Reinhart Marcus Foligno 60 1 2 2
2 Mark Scheifele Brandon Tanev 40 1 2 2
Penalty Kill 4 Players Defense
Defense Defense Time % Phy DF OF
1 Oscar Klefbom Danny DeKeiser 60 1 2 2
2 Keith Aulie Neal Pionk 40 1 2 2
Penalty Kill - 3 Players Forward
Forward Time % Phy DF OF
1 Max Reinhart 60 1 2 2
2 Marcus Foligno 40 1 2 2
Penalty Kill - 3 Players Defense
Defense Defense Time % Phy DF OF
1 Danny DeKeiser Oscar Klefbom 60 1 2 2
2 Keith Aulie Neal Pionk 40 1 2 2
4 vs 4 Forward
Center Wing Time % Phy DF OF
1 Sebastian Aho Jake Guentzel 60 1 2 2
2 Derek Stepan Mark Scheifele 40 1 2 2
4 vs 4 Defense
Defense Defense Time % Phy DF OF
1 Oscar Klefbom Danny DeKeiser 60 1 2 2
2 Keith Aulie Nick Leddy 40 1 2 2
Last Minutes Offensive
Center Left Wing Right Wing Defense Defense
Sebastian Aho Jake Guentzel Mark Scheifele Oscar Klefbom Danny DeKeiser
Last Minutes Defensive
Center Left Wing Right Wing Defense Defense
Max Reinhart Brandon Tanev Marcus Foligno Oscar Klefbom Danny DeKeiser
Goaltenders
Starting : Braden Holtby
Backup : Andrei Vasilevskiy
Extra Forwards
Normal : Jake Guentzel, Derek Stepan, Pavel Zacha - PP : Mark Scheifele, Pavel Zacha - PK : Tom Wilson
Extra Defensemen
Normal : Oscar Klefbom, Keith Aulie, Neal Pionk - PP : Nick Leddy - PK : Danny DeKeiser, Keith Aulie
Penalty Shots
Jake Guentzel, Pavel Zacha, Marcus Foligno, Mark Scheifele, Marcus Johansson
Custom OT Lines Forwards
Mark Scheifele, Jake Guentzel, Derek Stepan, Marcus Foligno, Marcus Johansson, Max Reinhart, Tom Wilson, Pavel Zacha, Sebastian Aho, Dmitrij Jaskin
Custom OT Lines Defensemen
Danny DeKeiser, Oscar Klefbom, Keith Aulie, Nick Leddy, Neal Pionk
Scratches
None
Panthers
5 vs 5 Forward
Center Left Wing Right Wing Time % Phy DF OF
1 Miro Aaltonen Alex Iafallo Kasperi Kapanen 40 1 2 2
2 Elias Lindholm Alexander Semin Kris Versteeg 30 1 2 2
3 Quinton Howden Kirill Kaprizov Petr Straka 20 1 2 2
4 Patrick Brown Blake Geoffrion Jerry D'Amigo 10 1 2 2
5 vs 5 Defense
Defense Defense Time % Phy DF OF
1 Will Butcher Niklas Hansson 40 1 2 2
2 Alex Goligoski Griffin Reinhart 30 1 2 2
3 Nikita Tryamkin Shea Weber 20 1 2 2
4 Will Butcher Niklas Hansson 10 1 2 2
PowerPlay Forward
Center Left Wing Right Wing Time % Phy DF OF
1 Miro Aaltonen Alex Iafallo Kasperi Kapanen 60 1 2 2
2 Elias Lindholm Kirill Kaprizov Kris Versteeg 40 1 2 2
PowerPlay Defense
Defense Defense Time % Phy DF OF
1 Will Butcher Griffin Reinhart 60 1 2 2
2 Alex Goligoski Nikita Tryamkin 40 1 2 2
Penalty Kill 4 Players Forward
Center Wing Time % Phy DF OF
1 Quinton Howden Kris Versteeg 60 1 2 2
2 Miro Aaltonen Alex Iafallo 40 1 2 2
Penalty Kill 4 Players Defense
Defense Defense Time % Phy DF OF
1 Will Butcher Niklas Hansson 60 1 2 2
2 Alex Goligoski Shea Weber 40 1 2 2
Penalty Kill - 3 Players Forward
Forward Time % Phy DF OF
1 Kris Versteeg 60 1 2 2
2 Quinton Howden 40 1 2 2
Penalty Kill - 3 Players Defense
Defense Defense Time % Phy DF OF
1 Will Butcher Niklas Hansson 60 1 2 2
2 Alex Goligoski Shea Weber 40 1 2 2
4 vs 4 Forward
Center Wing Time % Phy DF OF
1 Miro Aaltonen Kasperi Kapanen 60 1 2 2
2 Elias Lindholm Alex Iafallo 40 1 2 2
4 vs 4 Defense
Defense Defense Time % Phy DF OF
1 Will Butcher Niklas Hansson 60 1 2 2
2 Alex Goligoski Griffin Reinhart 40 1 2 2
Last Minutes Offensive
Center Left Wing Right Wing Defense Defense
Miro Aaltonen Alex Iafallo Kasperi Kapanen Will Butcher Alex Goligoski
Last Minutes Defensive
Center Left Wing Right Wing Defense Defense
Quinton Howden Alex Iafallo Kris Versteeg Will Butcher Niklas Hansson
Goaltenders
Starting : Brian Elliott
Backup : Ville Husso
Extra Forwards
Normal : Kirill Kaprizov, Kasperi Kapanen, Elias Lindholm - PP : Quinton Howden, Kasperi Kapanen - PK : Miro Aaltonen
Extra Defensemen
Normal : Griffin Reinhart, Will Butcher, Alex Goligoski - PP : Shea Weber - PK : Alex Goligoski, Niklas Hansson
Penalty Shots
Elias Lindholm, Alexander Semin, Miro Aaltonen, Kris Versteeg, Kasperi Kapanen
Custom OT Lines Forwards
Kasperi Kapanen, Kris Versteeg, Alex Iafallo, Alexander Semin, Miro Aaltonen, Quinton Howden, Elias Lindholm, Patrick Brown, Kirill Kaprizov, Petr Straka
Custom OT Lines Defensemen
Will Butcher, Alex Goligoski, Niklas Hansson, Shea Weber, Griffin Reinhart
Scratches
None
% Time on Ice - Penguins
Lines # - Real PCT - Wanted PCT - Time Play
Normal Forward
1 - 37% - 40% - 16:09
2 - 26% - 30% - 11:19
3 - 21% - 20% - 9:02
4 - 17% - 10% - 7:23
Normal Defense
1 - 42% - 40% - 18:34
2 - 35% - 30% - 15:14
3 - 21% - 20% - 9:24
4 - 2% - 10% - 0:41
PP Forward
1 - 58% - 60% - 5:48
2 - 42% - 40% - 4:16
PP Defense
1 - 62% - 60% - 6:15
2 - 38% - 40% - 3:49
PK Forward
1 - 76% - 60% - 4:32
2 - 24% - 40% - 1:28
PK Defense
1 - 43% - 60% - 2:36
2 - 57% - 40% - 3:24
PK3 Forward
1 - 0% - 60%
2 - 0% - 40%
PK3 Defense
1 - 0% - 60%
2 - 0% - 40%
44 Forward
1 - 0% - 60%
2 - 0% - 40%
44 Defense
1 - 0% - 60%
2 - 0% - 40%
Last Minute Offensive - 0:00
Last Minute Defensive - 0:03
Total
Forward - 60:00
Defense - 60:00
|
% Time on Ice - Panthers
Lines # - Real PCT - Wanted PCT - Time Play
Normal Forward
1 - 36% - 40% - 15:37
2 - 26% - 30% - 11:31
3 - 21% - 20% - 9:26
4 - 17% - 10% - 7:19
Normal Defense
1 - 42% - 40% - 18:35
2 - 32% - 30% - 13:52
3 - 23% - 20% - 10:01
4 - 3% - 10% - 1:25
PP Forward
1 - 54% - 60% - 3:15
2 - 46% - 40% - 2:45
PP Defense
1 - 62% - 60% - 3:44
2 - 38% - 40% - 2:16
PK Forward
1 - 70% - 60% - 7:02
2 - 30% - 40% - 3:02
PK Defense
1 - 55% - 60% - 5:34
2 - 45% - 40% - 4:30
PK3 Forward
1 - 0% - 60%
2 - 0% - 40%
PK3 Defense
1 - 0% - 60%
2 - 0% - 40%
44 Forward
1 - 0% - 60%
2 - 0% - 40%
44 Defense
1 - 0% - 60%
2 - 0% - 40%
Last Minute Offensive - 0:03
Last Minute Defensive - 0:00
Total
Forward - 60:00
Defense - 60:00
|
Play-by-Play
1st period
0:01 of 1st period - Miro Aaltonen wins face-off versus Mark Scheifele in neutral zone.
0:26 of 1st period - Kris Versteeg is hit by Marcus Foligno and loses puck.
0:52 of 1st period - Snap shot by Petr Straka.
0:52 of 1st period - Deflect By Kirill Kaprizov.
0:52 of 1st period - Shot Misses the Net.
0:52 of 1st period - Puck is out of play.
0:53 of 1st period - Jonathan Marchessault wins face-off versus Quinton Howden in Penguins zone.
1:01 of 1st period - Off-side.
1:02 of 1st period - Jonathan Marchessault wins face-off versus Patrick Brown in neutral zone.
1:45 of 1st period - Snap shot by Dmitrij Jaskin.
1:45 of 1st period - Shot Blocked by Will Butcher.
1:47 of 1st period - Slapshot by Tyson Barrie.
1:47 of 1st period - Stopped by Brian Elliott without a rebound.
1:48 of 1st period - Sebastian Aho wins face-off versus Miro Aaltonen in Panthers zone.
1:51 of 1st period - Snap shot by Mark Scheifele.
1:51 of 1st period - Stopped by Brian Elliott with a rebound.
1:53 of 1st period - Minor Penalty to Alex Iafallo for Hooking.
1:54 of 1st period - Quinton Howden wins face-off versus Jake Guentzel in Panthers zone.
2:11 of 1st period - Sebastian Aho is hit by Kris Versteeg and loses puck.
2:34 of 1st period - Slapshot by Nick Leddy.
2:34 of 1st period - Stopped by Brian Elliott with a rebound.
3:47 of 1st period - Oscar Klefbom is hit by Will Butcher.
3:53 of 1st period - Penalty to Alex Iafallo is over, Alex Iafallo is back on ice.
4:09 of 1st period - Snap shot by Jerry D'Amigo.
4:09 of 1st period - Shot Blocked by Tom Wilson.
4:19 of 1st period - Wrist shot by Pavel Zacha.
4:19 of 1st period - Stopped by Brian Elliott without a rebound.
4:20 of 1st period - Jonathan Marchessault wins face-off versus Miro Aaltonen in Panthers zone.
4:21 of 1st period - Wrist shot by Pavel Zacha.
4:21 of 1st period - Stopped by Brian Elliott with a rebound.
4:23 of 1st period - Slapshot by Neal Pionk.
4:23 of 1st period - Shot Misses the Net.
4:25 of 1st period - Snap shot by Neal Pionk.
4:25 of 1st period - Stopped by Brian Elliott without a rebound.
4:26 of 1st period - Elias Lindholm wins face-off versus Sebastian Aho in Panthers zone.
4:37 of 1st period - Snap shot by Kris Versteeg.
4:37 of 1st period - Stopped by Braden Holtby with a rebound.
5:03 of 1st period - Snap shot by Kirill Kaprizov.
5:03 of 1st period - Shot Misses the Net.
5:34 of 1st period - Snap shot by Max Reinhart.
5:34 of 1st period - Shot Misses the Net.
6:36 of 1st period - Snap shot by Shea Weber.
6:36 of 1st period - Stopped by Braden Holtby with a rebound.
6:38 of 1st period - Slapshot by Shea Weber.
6:38 of 1st period - Shot Blocked by Tyson Barrie.
6:40 of 1st period - Wrist shot by Alex Iafallo.
6:40 of 1st period - Shot Misses the Net.
6:42 of 1st period - Wrist shot by Alex Iafallo.
6:42 of 1st period - Deflect By Tom Wilson.
6:42 of 1st period - Stopped by Braden Holtby without a rebound.
6:43 of 1st period - Sebastian Aho wins face-off versus Miro Aaltonen in Penguins zone.
7:10 of 1st period - Marcus Foligno is hit by Alexander Semin and loses puck.
7:31 of 1st period - Max Reinhart is hit by Niklas Hansson and loses puck.
8:00 of 1st period - Snap shot by Sebastian Aho.
8:00 of 1st period - Shot Misses the Net.
8:15 of 1st period - Slapshot by Keith Aulie.
8:15 of 1st period - Stopped by Brian Elliott without a rebound.
8:16 of 1st period - Derek Stepan wins face-off versus Miro Aaltonen in Panthers zone.
8:41 of 1st period - Marcus Johansson is hit by Shea Weber and loses puck.
9:10 of 1st period - Marcus Johansson is hit by Elias Lindholm and loses puck.
9:17 of 1st period - Alexander Semin is hit by Marcus Johansson and loses puck.
9:34 of 1st period - Niklas Hansson is hit by Sebastian Aho and loses puck.
10:40 of 1st period - Neal Pionk is hit by Elias Lindholm and loses puck.
11:25 of 1st period - Snap shot by Dmitrij Jaskin.
11:25 of 1st period - Shot Misses the Net.
11:58 of 1st period - Slapshot by Alexander Semin.
11:58 of 1st period - Shot Misses the Net.
12:00 of 1st period - Slapshot by Elias Lindholm.
12:00 of 1st period - Shot Misses the Net.
12:07 of 1st period - Icing by Oscar Klefbom.
12:08 of 1st period - Jonathan Marchessault wins face-off versus Miro Aaltonen in Penguins zone.
12:53 of 1st period - Slapshot by Patrick Brown.
12:53 of 1st period - Stopped by Braden Holtby with a rebound.
13:24 of 1st period - Minor Penalty to Shea Weber for Hooking.
13:25 of 1st period - Quinton Howden wins face-off versus Sebastian Aho in Panthers zone.
14:18 of 1st period - Mark Scheifele is hit by Miro Aaltonen.
14:22 of 1st period - Alex Goligoski is hit by Jake Guentzel and loses puck.
15:24 of 1st period - Penalty to Shea Weber is over, Shea Weber is back on ice.
15:31 of 1st period - Snap shot by Dmitrij Jaskin.
15:31 of 1st period - Stopped by Brian Elliott without a rebound.
15:32 of 1st period - Max Reinhart wins face-off versus Patrick Brown in Panthers zone.
17:46 of 1st period - Slapshot by Alex Goligoski.
17:46 of 1st period - Stopped by Braden Holtby without a rebound.
17:47 of 1st period - Elias Lindholm wins face-off versus Sebastian Aho in Penguins zone.
17:50 of 1st period - Snap shot by Kris Versteeg.
17:50 of 1st period - Stopped by Braden Holtby without a rebound.
17:51 of 1st period - Miro Aaltonen wins face-off versus Sebastian Aho in Penguins zone.
18:14 of 1st period - Minor Penalty to Alex Iafallo for Hooking.
18:15 of 1st period - Sebastian Aho wins face-off versus Quinton Howden in Panthers zone.
18:20 of 1st period - Snap shot by Jake Guentzel.
18:20 of 1st period - Stopped by Brian Elliott without a rebound.
18:21 of 1st period - Sebastian Aho wins face-off versus Quinton Howden in Panthers zone.
19:13 of 1st period - Snap shot by Mark Scheifele.
19:13 of 1st period - Shot Misses the Net.
Goals for this period are 0 for Penguins vs 0 for Panthers.
Shots for this period are 9 for Penguins vs 6 for Panthers.
2nd period
0:01 of 2nd period - Sebastian Aho wins face-off versus Quinton Howden in neutral zone.
0:14 of 2nd period - Penalty to Alex Iafallo is over, Alex Iafallo is back on ice.
0:18 of 2nd period - Jake Guentzel is hit by Kris Versteeg.
0:34 of 2nd period - Slapshot by Tom Wilson.
0:34 of 2nd period - Shot Misses the Net.
0:48 of 2nd period - Minor Penalty to Kasperi Kapanen for Hooking.
0:49 of 2nd period - Quinton Howden wins face-off versus Sebastian Aho in Panthers zone.
1:46 of 2nd period - Will Butcher is hit by Marcus Foligno and loses puck.
2:48 of 2nd period - Penalty to Kasperi Kapanen is over, Kasperi Kapanen is back on ice.
2:53 of 2nd period - Keith Aulie is hit by Alex Goligoski and loses puck.
3:11 of 2nd period - Minor Penalty to Danny DeKeiser for Roughing.
3:12 of 2nd period - Miro Aaltonen wins face-off versus Max Reinhart in Penguins zone.
3:13 of 2nd period - Slapshot by Kasperi Kapanen.
3:13 of 2nd period - Goal by Kasperi Kapanen - Penguins : 0 - Panthers : 1.
3:14 of 2nd period - Sebastian Aho wins face-off versus Miro Aaltonen in neutral zone.
4:08 of 2nd period - Brandon Tanev is hit by Petr Straka.
4:28 of 2nd period - Snap shot by Jerry D'Amigo.
4:28 of 2nd period - Stopped by Braden Holtby with a rebound.
4:30 of 2nd period - Wrist shot by Jerry D'Amigo.
4:30 of 2nd period - Shot Misses the Net.
4:32 of 2nd period - Wrist shot by Jerry D'Amigo.
4:32 of 2nd period - Stopped by Braden Holtby without a rebound.
4:33 of 2nd period - Miro Aaltonen wins face-off versus Derek Stepan in Penguins zone.
4:54 of 2nd period - Minor Penalty to Marcus Foligno for Interference.
4:55 of 2nd period - Miro Aaltonen wins face-off versus Max Reinhart in Penguins zone.
5:00 of 2nd period - Snap shot by Will Butcher.
5:00 of 2nd period - Stopped by Braden Holtby without a rebound.
5:01 of 2nd period - Miro Aaltonen wins face-off versus Max Reinhart in Penguins zone.
5:02 of 2nd period - Wrist shot by Alex Iafallo.
5:02 of 2nd period - Stopped by Braden Holtby with a rebound.
5:04 of 2nd period - Snap shot by Miro Aaltonen.
5:04 of 2nd period - Shot Blocked by Max Reinhart.
5:06 of 2nd period - Snap shot by Kasperi Kapanen.
5:06 of 2nd period - Shot Blocked by Max Reinhart.
5:08 of 2nd period - Slapshot by Will Butcher.
5:08 of 2nd period - Deflect By Miro Aaltonen.
5:08 of 2nd period - Stopped by Braden Holtby with a rebound.
5:10 of 2nd period - Wrist shot by Alex Iafallo.
5:10 of 2nd period - Shot Blocked by Danny DeKeiser.
5:36 of 2nd period - Snap shot by Kirill Kaprizov.
5:36 of 2nd period - Stopped by Braden Holtby without a rebound.
5:37 of 2nd period - Max Reinhart wins face-off versus Kasperi Kapanen in Penguins zone.
6:01 of 2nd period - Alex Iafallo is hit by Derek Stepan and loses puck.
6:11 of 2nd period - Derek Stepan is hit by Alex Iafallo and loses puck.
6:35 of 2nd period - Icing by Elias Lindholm.
6:36 of 2nd period - Elias Lindholm wins face-off versus Max Reinhart in Panthers zone.
6:46 of 2nd period - Icing by Griffin Reinhart.
6:47 of 2nd period - Max Reinhart wins face-off versus Elias Lindholm in Panthers zone.
6:54 of 2nd period - Penalty to Marcus Foligno is over, Marcus Foligno is back on ice.
6:56 of 2nd period - Tom Wilson is hit by Kris Versteeg and loses puck.
7:05 of 2nd period - Elias Lindholm is hit by Oscar Klefbom and loses puck.
7:33 of 2nd period - Snap shot by Kris Versteeg.
7:33 of 2nd period - Shot Blocked by Max Reinhart.
7:35 of 2nd period - Wrist shot by Kirill Kaprizov.
7:35 of 2nd period - Shot Blocked by Tom Wilson.
7:37 of 2nd period - Slapshot by Kris Versteeg.
7:37 of 2nd period - Stopped by Braden Holtby with a rebound.
7:39 of 2nd period - Slapshot by Kris Versteeg.
7:39 of 2nd period - Shot Misses the Net.
8:15 of 2nd period - Wrist shot by Kris Versteeg.
8:15 of 2nd period - Shot Blocked by Danny DeKeiser.
8:17 of 2nd period - Snap shot by Kris Versteeg.
8:17 of 2nd period - Stopped by Braden Holtby without a rebound.
8:18 of 2nd period - Miro Aaltonen wins face-off versus Sebastian Aho in Penguins zone.
8:21 of 2nd period - Snap shot by Miro Aaltonen.
8:21 of 2nd period - Stopped by Braden Holtby without a rebound.
8:22 of 2nd period - Sebastian Aho wins face-off versus Miro Aaltonen in Penguins zone.
8:22 of 2nd period - Sebastian Aho is hit by Shea Weber.
8:32 of 2nd period - Snap shot by Mark Scheifele.
8:32 of 2nd period - Stopped by Brian Elliott with a rebound.
8:34 of 2nd period - Slapshot by Tyson Barrie.
8:34 of 2nd period - Stopped by Brian Elliott with a rebound.
8:36 of 2nd period - Wrist shot by Mark Scheifele.
8:36 of 2nd period - Stopped by Brian Elliott without a rebound.
8:37 of 2nd period - Miro Aaltonen wins face-off versus Mark Scheifele in Panthers zone.
9:16 of 2nd period - Slapshot by Tyson Barrie.
9:16 of 2nd period - Shot Blocked by Nikita Tryamkin.
9:28 of 2nd period - Petr Straka is hit by Marcus Foligno and loses puck.
9:47 of 2nd period - Danny DeKeiser is hit by Miro Aaltonen and loses puck.
10:21 of 2nd period - Icing by Pavel Zacha.
10:22 of 2nd period - Jonathan Marchessault wins face-off versus Quinton Howden in Penguins zone.
10:33 of 2nd period - Wrist shot by Mark Scheifele.
10:33 of 2nd period - Shot Misses the Net.
10:35 of 2nd period - Slapshot by Neal Pionk.
10:35 of 2nd period - Stopped by Brian Elliott without a rebound.
10:36 of 2nd period - Derek Stepan wins face-off versus Miro Aaltonen in Panthers zone.
11:10 of 2nd period - Backhand shot by Kris Versteeg.
11:10 of 2nd period - Shot Misses the Net.
11:12 of 2nd period - Slapshot by Alexander Semin.
11:12 of 2nd period - Shot Misses the Net.
11:18 of 2nd period - Double Minor Penalty to Keith Aulie for Roughing.
11:19 of 2nd period - Miro Aaltonen wins face-off versus Max Reinhart in Penguins zone.
12:58 of 2nd period - Kirill Kaprizov is hit by Brandon Tanev and loses puck.
13:31 of 2nd period - Wrist shot by Alexander Semin.
13:31 of 2nd period - Stopped by Braden Holtby without a rebound.
13:32 of 2nd period - Mark Scheifele wins face-off versus Miro Aaltonen in Penguins zone.
14:11 of 2nd period - Kris Versteeg is hit by Tom Wilson and loses puck.
15:12 of 2nd period - Brandon Tanev is hit by Griffin Reinhart and loses puck.
15:18 of 2nd period - Penalty to Keith Aulie is over, Keith Aulie is back on ice.
15:51 of 2nd period - Snap shot by Pavel Zacha.
15:51 of 2nd period - Shot Blocked by Alex Iafallo.
15:53 of 2nd period - Slapshot by Keith Aulie.
15:53 of 2nd period - Deflect By Shea Weber.
15:53 of 2nd period - Stopped by Brian Elliott with a rebound.
16:42 of 2nd period - Petr Straka is hit by Keith Aulie and loses puck.
16:57 of 2nd period - Petr Straka is hit by Jonathan Marchessault and loses puck.
17:02 of 2nd period - Snap shot by Jonathan Marchessault.
17:02 of 2nd period - Stopped by Brian Elliott without a rebound.
17:03 of 2nd period - Elias Lindholm wins face-off versus Jonathan Marchessault in Panthers zone.
17:19 of 2nd period - Snap shot by Jonathan Marchessault.
17:19 of 2nd period - Stopped by Brian Elliott with a rebound.
17:41 of 2nd period - Alex Goligoski is hit by Tyson Barrie and loses puck.
18:20 of 2nd period - Neal Pionk is hit by Elias Lindholm and loses puck.
18:35 of 2nd period - Oscar Klefbom is hit by Shea Weber and loses puck.
18:59 of 2nd period - Alex Iafallo is hit by Keith Aulie and loses puck.
19:22 of 2nd period - Miro Aaltonen is hit by Marcus Foligno and loses puck.
19:48 of 2nd period - Niklas Hansson is hit by Keith Aulie and loses puck.
Goals for this period are 0 for Penguins vs 1 for Panthers.
Shots for this period are 7 for Penguins vs 11 for Panthers.
3rd period
0:01 of 3rd period - Sebastian Aho wins face-off versus Miro Aaltonen in neutral zone.
0:04 of 3rd period - Kasperi Kapanen is hit by Sebastian Aho.
0:07 of 3rd period - Off-side.
0:08 of 3rd period - Miro Aaltonen wins face-off versus Jake Guentzel in neutral zone.
0:19 of 3rd period - Slapshot by Alex Iafallo.
0:19 of 3rd period - Shot Blocked by Jake Guentzel.
0:22 of 3rd period - Icing by Sebastian Aho.
0:23 of 3rd period - Alexander Semin wins face-off versus Sebastian Aho in Penguins zone.
0:38 of 3rd period - Slapshot by Jake Guentzel.
0:38 of 3rd period - Shot Blocked by Alexander Semin.
0:40 of 3rd period - Slapshot by Keith Aulie.
0:40 of 3rd period - Shot Blocked by Will Butcher.
0:44 of 3rd period - Snap shot by Jake Guentzel.
0:44 of 3rd period - Penguins goal is going for a video replay.
0:44 of 3rd period - The goal is refused. The puck has been directed, batted or thrown into the net by an attacking player other than with a stick..
0:45 of 3rd period - Miro Aaltonen wins face-off versus Derek Stepan in Panthers zone.
1:12 of 3rd period - Alex Goligoski is hit by Sebastian Aho and loses puck.
1:35 of 3rd period - Slapshot by Dmitrij Jaskin.
1:35 of 3rd period - Stopped by Brian Elliott without a rebound.
1:36 of 3rd period - Quinton Howden wins face-off versus Dmitrij Jaskin in Panthers zone.
1:41 of 3rd period - Danny DeKeiser is hit by Kirill Kaprizov and loses puck.
1:50 of 3rd period - Slapshot by Danny DeKeiser.
1:50 of 3rd period - Shot Misses the Net.
1:52 of 3rd period - Snap shot by Jonathan Marchessault.
1:52 of 3rd period - Shot Misses the Net.
2:10 of 3rd period - Snap shot by Neal Pionk.
2:10 of 3rd period - Deflect By Mark Scheifele.
2:10 of 3rd period - Shot Misses the Net.
2:10 of 3rd period - Puck is out of play.
2:11 of 3rd period - Miro Aaltonen wins face-off versus Derek Stepan in Panthers zone.
2:24 of 3rd period - Snap shot by Miro Aaltonen.
2:24 of 3rd period - Stopped by Braden Holtby with a rebound.
2:26 of 3rd period - Slapshot by Griffin Reinhart.
2:26 of 3rd period - Deflect By Derek Stepan.
2:26 of 3rd period - Stopped by Braden Holtby with a rebound.
2:36 of 3rd period - Kris Versteeg is hit by Sebastian Aho and loses puck.
3:23 of 3rd period - Off-side.
3:24 of 3rd period - Derek Stepan wins face-off versus Miro Aaltonen in neutral zone.
4:00 of 3rd period - Slapshot by Alexander Semin.
4:00 of 3rd period - Stopped by Braden Holtby without a rebound.
4:01 of 3rd period - Marcus Foligno wins face-off versus Miro Aaltonen in Penguins zone.
4:18 of 3rd period - Wrist shot by Marcus Johansson.
4:18 of 3rd period - Shot Blocked by Will Butcher.
4:44 of 3rd period - Sebastian Aho is hit by Kris Versteeg and loses puck.
5:14 of 3rd period - Alex Goligoski is hit by Neal Pionk and loses puck.
5:37 of 3rd period - Jonathan Marchessault is hit by Shea Weber.
5:41 of 3rd period - Danny DeKeiser is hit by Alex Iafallo and loses puck.
6:00 of 3rd period - Snap shot by Mark Scheifele.
6:00 of 3rd period - Deflect By Sebastian Aho.
6:00 of 3rd period - Goal by Sebastian Aho - Penguins : 1 - Panthers : 1.
6:01 of 3rd period - Sebastian Aho wins face-off versus Miro Aaltonen in neutral zone.
6:07 of 3rd period - Icing by Niklas Hansson.
6:08 of 3rd period - Miro Aaltonen wins face-off versus Sebastian Aho in Panthers zone.
6:08 of 3rd period - Miro Aaltonen is hit by Mark Scheifele.
7:15 of 3rd period - Off-side.
7:16 of 3rd period - Quinton Howden wins face-off versus Jonathan Marchessault in neutral zone.
7:21 of 3rd period - Snap shot by Quinton Howden.
7:21 of 3rd period - Stopped by Braden Holtby without a rebound.
7:22 of 3rd period - Quinton Howden wins face-off versus Sebastian Aho in Penguins zone.
7:30 of 3rd period - Off-side.
7:31 of 3rd period - Sebastian Aho wins face-off versus Miro Aaltonen in neutral zone.
7:34 of 3rd period - Miro Aaltonen is hit by Jake Guentzel and loses puck.
7:38 of 3rd period - Icing by Griffin Reinhart.
7:39 of 3rd period - Sebastian Aho wins face-off versus Miro Aaltonen in Panthers zone.
7:47 of 3rd period - Minor Penalty to Miro Aaltonen for Delaying the game.
7:48 of 3rd period - Quinton Howden wins face-off versus Sebastian Aho in Panthers zone.
7:56 of 3rd period - Wrist shot by Mark Scheifele.
7:56 of 3rd period - Shot Misses the Net.
7:58 of 3rd period - Wrist shot by Jake Guentzel.
7:58 of 3rd period - Shot Blocked by Will Butcher.
8:00 of 3rd period - Slapshot by Nick Leddy.
8:00 of 3rd period - Stopped by Brian Elliott with a rebound.
8:02 of 3rd period - Slapshot by Oscar Klefbom.
8:02 of 3rd period - Deflect By Sebastian Aho.
8:02 of 3rd period - Stopped by Brian Elliott without a rebound.
8:03 of 3rd period - Sebastian Aho wins face-off versus Quinton Howden in Panthers zone.
8:18 of 3rd period - Snap shot by Jake Guentzel.
8:18 of 3rd period - Shot Hit the Post.
9:47 of 3rd period - Penalty to Miro Aaltonen is over, Miro Aaltonen is back on ice.
10:34 of 3rd period - Will Butcher is hit by Max Reinhart and loses puck.
11:18 of 3rd period - Slapshot by Nikita Tryamkin.
11:18 of 3rd period - Deflect By Tyson Barrie.
11:18 of 3rd period - Stopped by Braden Holtby with a rebound.
11:45 of 3rd period - Snap shot by Marcus Foligno.
11:45 of 3rd period - Stopped by Brian Elliott without a rebound.
11:46 of 3rd period - Quinton Howden wins face-off versus Derek Stepan in Panthers zone.
12:07 of 3rd period - Wrist shot by Miro Aaltonen.
12:07 of 3rd period - Shot Misses the Net.
12:19 of 3rd period - Kasperi Kapanen is hit by Marcus Foligno and loses puck.
12:58 of 3rd period - Wrist shot by Tom Wilson.
12:58 of 3rd period - Shot Blocked by Shea Weber.
13:00 of 3rd period - Slapshot by Oscar Klefbom.
13:00 of 3rd period - Stopped by Brian Elliott without a rebound.
13:01 of 3rd period - Elias Lindholm wins face-off versus Max Reinhart in Panthers zone.
13:01 of 3rd period - Elias Lindholm is hit by Brandon Tanev.
13:36 of 3rd period - Off-side.
13:37 of 3rd period - Miro Aaltonen wins face-off versus Sebastian Aho in neutral zone.
13:47 of 3rd period - Off-side.
13:48 of 3rd period - Miro Aaltonen wins face-off versus Sebastian Aho in neutral zone.
13:53 of 3rd period - Slapshot by Niklas Hansson.
13:53 of 3rd period - Deflect By Miro Aaltonen.
13:53 of 3rd period - Stopped by Braden Holtby with a rebound.
13:59 of 3rd period - Snap shot by Oscar Klefbom.
13:59 of 3rd period - Stopped by Brian Elliott without a rebound.
14:00 of 3rd period - Miro Aaltonen wins face-off versus Sebastian Aho in Panthers zone.
14:00 of 3rd period - Miro Aaltonen is hit by Sebastian Aho.
14:05 of 3rd period - Niklas Hansson is hit by Keith Aulie.
14:25 of 3rd period - Will Butcher is hit by Oscar Klefbom and loses puck.
14:48 of 3rd period - Wrist shot by Oscar Klefbom.
14:48 of 3rd period - Deflect By Petr Straka.
14:48 of 3rd period - Stopped by Brian Elliott with a rebound.
14:50 of 3rd period - Snap shot by Tom Wilson.
14:50 of 3rd period - Shot Misses the Net.
14:52 of 3rd period - Slapshot by Oscar Klefbom.
14:52 of 3rd period - Stopped by Brian Elliott with a rebound.
15:08 of 3rd period - Slapshot by Alex Goligoski.
15:08 of 3rd period - Deflect By Miro Aaltonen.
15:08 of 3rd period - Goal by Miro Aaltonen - Penguins : 1 - Panthers : 2.
15:09 of 3rd period - Kirill Kaprizov wins face-off versus Max Reinhart in neutral zone.
15:22 of 3rd period - Slapshot by Tom Wilson.
15:22 of 3rd period - Shot Blocked by Will Butcher.
15:24 of 3rd period - Wrist shot by Max Reinhart.
15:24 of 3rd period - Shot Blocked by Will Butcher.
15:39 of 3rd period - Slapshot by Oscar Klefbom.
15:39 of 3rd period - Stopped by Brian Elliott with a rebound.
16:01 of 3rd period - Snap shot by Marcus Foligno.
16:01 of 3rd period - Shot Misses the Net.
16:03 of 3rd period - Wrist shot by Marcus Johansson.
16:03 of 3rd period - Stopped by Brian Elliott without a rebound.
16:04 of 3rd period - Tom Wilson wins face-off versus Quinton Howden in Panthers zone.
16:09 of 3rd period - Snap shot by Max Reinhart.
16:09 of 3rd period - Shot Hit the Post.
16:11 of 3rd period - Slapshot by Max Reinhart.
16:11 of 3rd period - Deflect By Brandon Tanev.
16:11 of 3rd period - Goal by Brandon Tanev - Penguins : 2 - Panthers : 2.
16:12 of 3rd period - Quinton Howden wins face-off versus Brandon Tanev in neutral zone.
16:21 of 3rd period - Snap shot by Brandon Tanev.
16:21 of 3rd period - Shot Blocked by Quinton Howden.
16:23 of 3rd period - Snap shot by Brandon Tanev.
16:23 of 3rd period - Shot Blocked by Will Butcher.
16:25 of 3rd period - Wrist shot by Max Reinhart.
16:25 of 3rd period - Stopped by Brian Elliott with a rebound.
16:54 of 3rd period - Icing by Neal Pionk.
16:55 of 3rd period - Sebastian Aho wins face-off versus Elias Lindholm in Penguins zone.
17:11 of 3rd period - Snap shot by Max Reinhart.
17:11 of 3rd period - Shot Misses the Net.
17:23 of 3rd period - Griffin Reinhart is hit by Marcus Foligno and loses puck.
18:06 of 3rd period - Snap shot by Patrick Brown.
18:06 of 3rd period - Stopped by Braden Holtby with a rebound.
18:12 of 3rd period - Slapshot by Patrick Brown.
18:12 of 3rd period - Shot Hit the Post.
18:30 of 3rd period - Slapshot by Will Butcher.
18:30 of 3rd period - Stopped by Braden Holtby without a rebound.
18:31 of 3rd period - Quinton Howden wins face-off versus Jonathan Marchessault in Penguins zone.
18:36 of 3rd period - Wrist shot by Kirill Kaprizov.
18:36 of 3rd period - Stopped by Braden Holtby without a rebound.
18:37 of 3rd period - Max Reinhart wins face-off versus Quinton Howden in Penguins zone.
19:39 of 3rd period - Off-side.
19:40 of 3rd period - Dmitrij Jaskin wins face-off versus Kirill Kaprizov in neutral zone.
19:47 of 3rd period - Wrist shot by Derek Stepan.
19:47 of 3rd period - Goal by Derek Stepan - Penguins : 3 - Panthers : 2.
19:48 of 3rd period - Miro Aaltonen wins face-off versus Max Reinhart in neutral zone.
19:50 of 3rd period - Minor Penalty to Alex Iafallo for Hooking.
19:51 of 3rd period - Quinton Howden wins face-off versus Sebastian Aho in Panthers zone.
Goals for this period are 3 for Penguins vs 1 for Panthers.
Shots for this period are 15 for Penguins vs 10 for Panthers.